 Dungeon Crawl Stone Soup version 0.32-a0-886-g41c5271027 (webtiles) character file.

Game seed: 1195126113267966103

41 ezpacito the Chopper (level 3, -1/29 HPs)
             Began as a Coglin Chaos Knight on Apr 3, 2024.
             Was a Plaything of Xom.
             Killed from afar by a steam dragon (10 damage)
             ... with a ball of steam
             ... on level 2 of the Dungeon.
             The game lasted 00:01:28 (598 turns).

ezpacito the Chopper (Coglin Chaos Knight)           Turns: 598, Time: 00:01:28

Health: -1/29      AC:  5    Str: 13 (14) XL:     3   Next: 52%
Magic:  3/3        EV: 10    Int:  8 (11) God:    Xom [.*....]
Gold:   8          SH:  0    Dex: 10 (13) Spells: 2/2 levels left

rFire   . . .        a - +0 hand axe (chaos) {Tae}
rCold   . . .        c - +3 whip {Beorhtric}
rNeg    . . .        b - +2 leather armour
rPois   .            (no helmet)
rElec   .            (no cloak)
rCorr   .            (no gloves)
SInv    .            (no boots)
Will    .....        (amulet unavailable)
Stlth   +            (ring unavailable)
HPRegen 0.24/turn    (ring unavailable)
MPRegen 0.08/turn    (no gizmo)

%: no passive effects
@: confused, revving
A: off-hand wielding, slow wielding, warmup strikes, no jewellery
a: Invent Gizmo, Renounce Religion


You were on level 2 of the Dungeon.
You worshipped Xom.
You were a plaything of Xom.
You visited 1 branch of the dungeon, and saw 2 of its levels.

You collected 8 gold pieces.

Inventory:

Hand Weapons
 a - a +0 hand axe of chaos (weapon) {Tae}
 c - a +3 whip (offhand) {Beorhtric}
Missiles
 e - 10 boomerangs (quivered)
Armour
 b - a +2 leather armour (worn)
Scrolls
 f - a scroll of amnesia {unknown}
 g - a scroll of identify {unknown}


   Skills:
 * Level 3.2 Fighting
 * Level 3.4(3.5) Axes
 * Level 0.8(2.1) Polearms
 * Level 2.2 Armour
 * Level 1.2 Dodging
 + Level 0.2 Stealth
 + Level 0.2 Spellcasting


You had 2 spell levels left.
You didn't know any spells.
Your spell library contained the following spells:

 Spells                   Type           Power      Damage    Failure   Level
 Apportation              Tloc           0%         N/A       50%         1
 Necrotise                Necr           0%         1d4       50%         1
 Sting                    Conj/Alch      0%         1d3       50%         1
 Summon Small Mammal      Summ           0%         N/A       50%         1


Dungeon Overview and Level Annotations

Branches:
Dungeon (2/15)

Altars:
Elyvilon


Innate Abilities, Weirdness & Mutations

You can wield a second weapon in your off-hand.
It takes a long time for you to wield or remove held weapons.
Your first few attacks do less damage.
You cannot equip rings or amulets.


Message History

You are too confused!
You are too confused!
You are too confused!
You are too confused!
It was a potion of degeneration.
There was something very wrong with that liquid.
You feel weakened.
You feel dopey.
You feel clumsy.
Xom roars with laughter!
You drop 2 potions of degeneration.
The golden eye blinks at you.
You are more confused.
The golden eye blinks at you.
You are more confused.
You see here 2 potions of degeneration.
You completely miss the golden eye with your +3 whip.
You barely miss the golden eye with your +0 hand axe of chaos.
You hear Xom's avuncular chuckle.
The golden eye evaporates and reforms as a steam dragon!
The steam dragon bites you! The steam dragon misses you.
You take 9 damage, and have 20/29 hp.
MASSIVE DAMAGE!!
You are too confused!
The steam dragon closely misses you. x2
You miss the steam dragon with your +0 hand axe of chaos.
You hit the steam dragon with your +3 whip.
The steam dragon bites you but does no damage.
The steam dragon closely misses you.
You hit the steam dragon with your +3 whip.
The steam dragon is lightly wounded.
You hit the steam dragon but do no damage.
The steam dragon bites you but does no damage.
The steam dragon completely misses you.
You bump into the rock wall.
The steam dragon bites you! The steam dragon barely misses you.
You take 7 damage, and have 14/29 hp.
MASSIVE DAMAGE!!
The steam dragon bites you. The steam dragon claws you.
You take 5 damage, and have 9/29 hp.
The steam dragon breathes steam at you. The ball of steam hits you!
You die...
Xom guffaws!

.. ....♣♣ ..P...... ..
.##....♣♣P........ ..
..#.....♣♣.♣...... .
..#.............. #.
#................
#.##.#..............
#....#..............
#.................
######.#♣.♣.@D..#.....#
.#.......♣.♣...###
##### .........♣.♣#..#
###.._...♣.♣#..#
#.....#♣.♣####
###.....#♣.♣
........#♣.♣
#########.†♣
.......<...♣


You could see a steam dragon (catching breath).

Vanquished Creatures
  A gnoll (D:1)
  5 bats
  3 endoplasms
  A giant cockroach (D:1)
  4 goblins (D:1)
  4 hobgoblins (D:1)
  4 jackals (D:1)
  A kobold (D:1)
  2 ball pythons (D:1)
  A frilled lizard (D:1)
  A rat (D:1)
27 creatures vanquished.

Notes
Turn   | Place    | Note
-------+----------+-------------------------------------------
     0 | D:1      | ezpacito the Coglin Chaos Knight began the quest for the
                  | Orb.
     0 | D:1      | Reached XP level 1. HP: 18/18 MP: 1/1
    54 | D:1      | Reached skill level 1 in Dodging
   110 | D:1      | Reached XP level 2. HP: 20/24 MP: 2/2
   117 | D:1      | XOM: potion effect (might)
   163 | D:1      | Reached XP level 3. HP: 29/29 MP: 3/3
   203 | D:1      | Found a faded altar of an unknown god.
   266 | D:1      | XOM is BORED!
   568 | D:2      | Found a white marble altar of Elyvilon.
   582 | D:2      | an adder changed into a golden eye
   582 | D:2      | Noticed a golden eye
   582 | D:2      | XOM: polymorph adder -> golden eye
   591 | D:2      | a golden eye changed into a steam dragon
   591 | D:2      | Noticed a steam dragon
   591 | D:2      | XOM: polymorph golden eye -> steam dragon
   598 | D:2      | Killed from afar by a steam dragon

Illustrated notes

Levels and vault maps discovered:
D:1:      psy_arrival_fountain, layout_rooms,
          hellmonk_ecumenical_altar_crossroads
D:2:      layout_rooms, serial_forest, infiniplex_forest_pool,
          infiniplex_forest_straight_1, infiniplex_forest_straight_3,
          infiniplex_forest_straight_2, infiniplex_forest_zigzag_1,
          infiniplex_forest_straight_2, infiniplex_forest_clump_curved,
          infiniplex_forest_corner_2, infiniplex_forest_lined_2,
          infiniplex_forest_split, basic_altar, minmay_heptomino_l4,
          uniq_terence

Skill      XL: |  1 |
---------------+----+-----
Dodging        | 1 |  1.2
Armour         | 2 |  2.2
Fighting       | |  3.2
Axes           | |  3.4
Polearms       | |  0.8
Stealth        | |  0.2
Spellcasting   | |  0.2

Action                     || total
---------------------------++-------
  Melee: Hand axe          ||    39
         Dagger            ||    14
         Whip              ||    21
    Use: Scroll            ||     1
         Potion            ||     1
   Stab: Petrifying        ||     1
         Sleeping          ||     1
 Armour: Leather armour    ||    33
  Dodge: Dodged            ||    34

Table legend: (Time is in decaauts)
 A = Elapsed time spent in this place.
 B = Non-inter-level travel time spent in this place.
 C = Inter-level travel time spent in this place.
 D = Time resting spent in this place.
 E = Time spent auto-exploring this place.
 F = Levels seen in this place.
 G = Mean time per level.
                   A        B        C        D        E       F      G
               +--------+--------+--------+--------+--------+-----+--------+
         Total |    600 |    574 |     26 |      0 |    415 |   2 |  300.0 |
       Dungeon |    600 |    574 |     26 |      0 |    415 |   2 |  300.0 |
               +--------+--------+--------+--------+--------+-----+--------+

Top non-repeatable levels by time:
     D:1: 568 daAuts
     D:2: 32 daAuts
